 Dungeon Crawl Stone Soup version 0.31-a0-691-g409c26aa35 (webtiles) character file.

Game seed: 5518022642119320772

1 Hubris850 the Ducker (level 1, 0/16 HPs)
             Began as a Merfolk Gladiator on Sept 6, 2023.
             Slain by a gnoll
             ... wielding a +0 spear
              (6 damage)
             ... on level 1 of the Dungeon.
             The game lasted 00:01:00 (42 turns).

Hubris850 the Ducker (Merfolk Gladiator)              Turns: 42, Time: 00:01:01

Health: 0/16       AC:  4    Str: 14    XL:     1   Next: 20%
Magic:  1/1        EV: 13    Int:  7    God:
Gold:   0          SH:  0    Dex: 15    Spells: 0/0 levels left

rFire   . . .        f - +2 spear (heavy)
rCold   . . .        (no shield)
rNeg    . . .        a - +0 leather armour
rPois   .            b - +0 helmet
rElec   .            (no cloak)
rCorr   .            (no gloves)
SInv    .            (no boots)
Will    .....        (no amulet)
Stlth   +            (no ring)
HPRegen 0.22/turn    (no ring)
MPRegen 0.07/turn

%: no passive effects
@: no status effects
A: (nimble swimmer 2), mertail
a: no special abilities


You were on level 1 of the Dungeon.
You visited 1 branch of the dungeon, and saw 1 of its levels.

Inventory:

Hand Weapons
 f - a +2 heavy spear (weapon)
Missiles
 c - 3 throwing nets (quivered)
 d - a javelin
Armour
 a - a +0 leather armour (worn)
 b - a +0 helmet (worn)
Scrolls
 e - a scroll of amnesia {unknown}


   Skills:
 + Level 2.2 Fighting
 + Level 2.0 Throwing
 + Level 4.0 Dodging
 + Level 3.3 Unarmed Combat


You couldn't memorise any spells.
You didn't know any spells.
Your spell library was empty.

Dungeon Overview and Level Annotations

Branches:
Dungeon (1/15)

Altars:


Innate Abilities, Weirdness & Mutations

((You are very nimble when in or above water. (Stealth+, EV+, Speed+++)))
Your lower body shifts to a powerful aquatic tail in water.


Message History

Okay, then.
Your movement speed is average.
Your attack delay is about 0.9.
Your damage rating with unarmed combat is about 6 (Base [3 + 3 (UC)] x 110% (Str) x 103% (Fight)).
f - a +2 heavy spear (weapon)
Your movement speed is average.
Your attack delay is about 1.6.
Your damage rating with your +2 heavy spear is about 13 (Base [6 + 4 (Hvy)] x 110% (Str) x 103% (Skill) + 2 (Ench)).
Unknown command.
The gnoll shouts!
The gnoll hits you but does no damage.
You reach to attack!
You hit the gnoll but do no damage.
The gnoll hits you from afar with a +0 spear. x2
You reach to attack!
You closely miss the gnoll. The gnoll barely misses you.
You reach to attack!
You hit the gnoll but do no damage.
An endoplasm comes into view.
The gnoll hits you but does no damage.
A giant cockroach comes into view.
The gnoll closely misses you.
Reach: f) +2 spear (heavy)
Press: ? - help, Dir - move target, f/p - gnoll
Aim: a gnoll, wielding a +0 spear (about 32% to evade your +2 heavy spear)
You reach to attack!
The endoplasm quivers.
You hit the gnoll.
The gnoll is moderately wounded.
The gnoll hits you from afar with a +0 spear.
The gnoll closely misses you.
Unknown command.
Reach: f) +2 spear (heavy)
Press: ? - help, Dir - move target, f/p - gnoll
Aim: a gnoll, wielding a +0 spear (moderately wounded, about 32% to evade your +2 heavy spear)
You reach to attack!
You closely miss the gnoll.
The gnoll is moderately wounded.
The gnoll closely misses you.
Reach: f) +2 spear (heavy)
Press: ? - help, Dir - move target, f/p - gnoll
Aim: a gnoll, wielding a +0 spear (moderately wounded, about 32% to evade your +2 heavy spear)
You reach to attack!
You barely miss the gnoll.
The gnoll is moderately wounded.
The gnoll hits you from afar with a +0 spear. x2
You die...

#..................#
#.♣.................
#..................♣
#...............♣...
##......#∩#........♣
##∩#####.#.#∩#...♣#
#.#########.#####
#........# ##
#†######@# #.# #.#
#.# g.# #.# J### #.#
#. #.# # #.#


You could see a gnoll and an endoplasm.

Vanquished Creatures
  A giant cockroach (D:1)
1 creature vanquished.

Notes
Turn   | Place    | Note
-------+----------+-------------------------------------------
     0 | D:1      | Hubris850 the Merfolk Gladiator began the quest for the
                  | Orb.
     0 | D:1      | Reached XP level 1. HP: 16/16 MP: 1/1
    42 | D:1      | Slain by a gnoll

Illustrated notes

Levels and vault maps discovered:
D:1:      nzn_arrival_settlement, layout_loops_ring, serial_bayou_ford_a

Action                     || total
---------------------------++-------
  Melee: Spear             ||     6
         Unarmed           ||     1
 Armour: Leather armour    ||     7
  Dodge: Dodged            ||     4

Table legend: (Time is in decaauts)
 A = Elapsed time spent in this place.
 B = Non-inter-level travel time spent in this place.
 C = Inter-level travel time spent in this place.
 D = Time resting spent in this place.
 E = Time spent auto-exploring this place.
 F = Levels seen in this place.
 G = Mean time per level.
                   A        B        C        D        E       F      G
               +--------+--------+--------+--------+--------+-----+--------+
         Total |     44 |     44 |      0 |      0 |     26 |   1 |   44.0 |
       Dungeon |     44 |     44 |      0 |      0 |     26 |   1 |   44.0 |
               +--------+--------+--------+--------+--------+-----+--------+

Top non-repeatable levels by time:
     D:1: 44 daAuts
